 Dungeon Crawl Stone Soup version 0.22.0-75-g3901e7991e (webtiles) character file.

3045 Peloso the Carver (level 9, -9/80 HPs)
             Began as a Minotaur Fighter on Sept 15, 2018.
             Was a Believer of Okawaru.
             Mangled by a yak (11 damage)
             ... on level 7 of the Dungeon.
             The game lasted 00:14:03 (5892 turns).

Peloso the Carver (Minotaur Fighter)                Turns: 5892, Time: 00:14:04

Health: -9/80      AC: 10    Str: 22    XL:     9   Next: 56%
Magic:  8/8        EV:  7    Int:  5    God:    Okawaru [**....]
Gold:   235        SH: 12    Dex: 12    Spells: 8/8 levels left

rFire    . . .     SeeInvis +   a - +1 long sword
rCold    . . .     Gourm    .   c - +1 shield
rNeg     . . .     Faith    .   l - +0 chain mail
rPois    .         Spirit   .   (helmet restricted)
rElec    .         Reflect  .   (no cloak)
rCorr    .         Harm     .   (no gloves)
MR       .....                  (no boots)
Stlth    ..........             (no amulet)
HPRegen  0.23/turn              p - ring of see invisible
MPRegen  0.11/turn              (no ring)

@: no status effects
A: retaliatory headbutt, horns 2
a: Heroism, Renounce Religion


You were on level 7 of the Dungeon.
You worshipped Okawaru.
Okawaru was pleased with you.
You were hungry.

You visited 1 branch of the dungeon, and saw 7 of its levels.

You collected 235 gold pieces.

Inventory:

Hand Weapons
 a - a +1 long sword (weapon)
 v - a +1 whip of flaming
Armour
 c - a +1 shield (worn)
 l - a +0 chain mail (worn)
Jewellery
 p - a ring of see invisible (left hand)
Wands
 r - a wand of flame (47)
 u - a wand of polymorph (18)
Scrolls
 b - 2 scrolls of enchant weapon
 e - 6 scrolls of identify
 h - 4 scrolls of remove curse
 j - a scroll of noise
 n - 2 scrolls of fog
 o - 2 scrolls of magic mapping
 q - a scroll of amnesia {unknown}
 x - a scroll of teleportation {unknown}
Potions
 d - 2 potions of might
 g - a potion of haste {unknown}
 i - 3 potions of agility
 k - 2 potions of curing
 m - a potion of mutation {unknown}
 s - a potion of berserk rage {unknown}
 t - a potion of heal wounds {unknown}
Comestibles
 f - 10 rations
 w - a chunk of flesh


   Skills:
 + Level 7.7 Fighting
 + Level 10.2 Long Blades
 + Level 7.6 Armour
 + Level 2.2 Dodging
 + Level 0.2 Stealth
 + Level 8.0 Shields
 + Level 1.8 Unarmed Combat
 + Level 0.1 Invocations


You had 8 spell levels left.
You didn't know any spells.
Your spell library contained the following spells:

 Spells                   Type           Power        Failure   Level  Hunger
 Animate Skeleton         Necr           N/A          100%        1    ##.....
 Apportation              Tloc           #.....       100%        1    ##.....
 Confusing Touch          Hex            #.....       100%        1    ##.....
 Freeze                   Ice            #...         100%        1    ##.....
 Summon Small Mammal      Summ           #...         100%        1    ##.....
 Throw Frost              Conj/Ice       #.....       100%        2    ###....
 Ozocubu's Armour         Chrm/Ice       #.......     100%        3    ####...
 Summon Ice Beast         Ice/Summ       #.......     100%        4    #####..
 Throw Icicle             Conj/Ice       #.......     100%        4    #####..


Dungeon Overview and Level Annotations

Branches:
Dungeon (7/15)
 Temple: D:4-7

Altars:
Makhleb
Okawaru
Yredelemnul

Shops:
D:5 %


Innate Abilities, Weirdness & Mutations

You reflexively headbutt those who attack you in melee.
You have a pair of horns on your head.


Message History

The yak gores you!
* * * LOW HITPOINT WARNING * * *
Your chain mail prevents you from hitting the yak.
You headbutt the yak.
The yak is severely wounded.
You block the yak's attack.
You hit the yak but do no damage.
The yak is severely wounded.
The yak closely misses you.
You hit the yak but do no damage.
The yak is severely wounded.
The yak gores you!
* * * LOW HITPOINT WARNING * * *
You hit the yak but do no damage.
The yak is heavily wounded.
You block the yak's attack.
You completely miss the yak.
The yak is heavily wounded.
The yak gores you!
You die...

......#.#.# #Y# #.#
###.#.#.#†# #.# #.#
###.....#.# #.# #.#
..........## #Y###.#
##.........# #.....#
#.##.##...# #####.#
#.##.##...# #.#
#.##.##...#######.#
##.##.##........@Y.#
...........#########
##.##.####.# #.##...
..# #.###### ..# #.#
... #.. ### ###


You could see a yak.

Vanquished Creatures
  Pikel (D:7)
  5 yaks
  Menkaure (D:3)
  Duvessa (D:6)
  A sky beast (D:7)
  A slave (D:7)
  3 ogres
  An ice beast (D:6)
  A centaur (D:5)
  A bullfrog (D:6)
  A wyvern skeleton (D:6)
  Dowan (D:6)
  3 howler monkeys
  2 crimson imps (D:6)
  A gnoll shaman (D:6)
  2 jellies
  6 hounds
  An orc wizard (D:4)
  2 iguanas
  6 worker ants
  A hound skeleton (D:4)
  A howler monkey zombie (D:7)
  6 gnolls
  10 adders
  An ooze (D:3)
  3 adder skeletons
  7 dart slugs
  3 worms (D:2)
  10 leopard geckos
  13 orcs
  8 bats
  5 giant cockroaches
  2 gnoll zombies (D:3)
  5 goblins
  7 hobgoblins
  6 jackals
  4 kobolds (D:2)
  A quokka (D:7)
  A ball python (D:1)
  8 frilled lizards
  A leopard gecko skeleton (D:6)
  A quokka zombie (D:5)
  6 rats
151 creatures vanquished.

Notes
Turn   | Place    | Note
-------+----------+-------------------------------------------
     0 | D:1      | Peloso the Minotaur Fighter began the quest for the Orb.
     0 | D:1      | Reached XP level 1. HP: 19/19 MP: 0/0
    68 | D:1      | Reached XP level 2. HP: 27/27 MP: 1/1
   842 | D:1      | Reached XP level 3. HP: 33/33 MP: 2/2
  1021 | D:2      | Reached skill level 3 in Long Blades
  1167 | D:2      | Reached XP level 4. HP: 31/40 MP: 3/3
  1589 | D:2      | Reached skill level 4 in Long Blades
  1841 | D:3      | Reached XP level 5. HP: 47/47 MP: 4/4
  2107 | D:3      | Found a burning altar of Makhleb.
  2332 | D:3      | Found a basalt altar of Yredelemnul.
  2432 | D:4      | Noticed Menkaure
  2808 | D:3      | Killed Menkaure
  2808 | D:3      | Reached skill level 5 in Long Blades
  2808 | D:3      | Reached skill level 5 in Armour
  2808 | D:3      | Reached skill level 5 in Shields
  2808 | D:3      | Reached XP level 6. HP: 42/53 MP: 5/5
  2934 | D:4      | Reached skill level 5 in Fighting
  2957 | D:4      | Reached skill level 1 in Dodging
  3161 | D:4      | Reached XP level 7. HP: 59/61 MP: 6/6
  3374 | D:5      | Entered Level 5 of the Dungeon
  3398 | D:5      | Reached skill level 6 in Long Blades
  3803 | D:5      | Found Muitupp's Food Shoppe.
  4123 | D:5      | Reached skill level 7 in Long Blades
  4539 | D:6      | Reached XP level 8. HP: 54/69 MP: 7/7
  4611 | D:6      | Found an iron altar of Okawaru.
  4619 | D:6      | Became a worshipper of Warmaster Okawaru
  4769 | D:6      | Reached skill level 8 in Long Blades
  4911 | D:6      | Reached * piety under Okawaru
  4970 | D:6      | Noticed Dowan
  4984 | D:6      | Noticed Duvessa
  4992 | D:6      | Killed Dowan
  5011 | D:6      | Killed Duvessa
  5307 | D:7      | Reached skill level 9 in Long Blades
  5336 | D:7      | Noticed Pikel
  5362 | D:7      | Killed Pikel
  5362 | D:7      | Reached ** piety under Okawaru
  5362 | D:7      | Reached skill level 1 in Unarmed Combat
  5362 | D:7      | Reached XP level 9. HP: 38/79 MP: 8/8
  5859 | D:7      | Reached skill level 10 in Long Blades
  5890 | D:7      | HP: 1/80 [yak (11)]
  5892 | D:7      | Mangled by a yak

Skill      XL: |  1  2  3  4  5  6  7  8  9 |
---------------+----------------------------+-----
Fighting       | 4 5 7 |  7.7
Shields        | 4 5 6 7 8 |  8.0
Armour         | 4 5 6 7 |  7.6
Long Blades    | 3 4 5 7 9 10 | 10.2
Dodging        | 1 2 |  2.2
Unarmed Combat | 1 |  1.8
Stealth        | |  0.2
Invocations    | |  0.1

Action                   |  1- 3 |  4- 6 |  7- 9 || total
-------------------------+-------+-------+-------++-------
Melee: Long sword        |    60 |   179 |   268 ||   507
       Headbutt          |     9 |    29 |    55 ||    93
       Unarmed           |       |       |    10 ||    10
Invok: Heroism           |       |       |     1 ||     1
  Use: Scroll            |       |     8 |     1 ||     9
  Eat: Chunk             |     1 |     6 |     9 ||    16
Armor: Scale mail        |    26 |     6 |       ||    32
       Chain mail        |       |    89 |    79 ||   168
Dodge: Dodged            |    25 |    43 |    52 ||   120
Block: Shield            |    27 |   126 |   131 ||   284
       Rpst.: Long sword |     4 |     8 |    14 ||    26
